 Dungeon Crawl Stone Soup version bcrawl-1.40.3b (webtiles) character file.

Game seed: 1550292879084897635

267527 Finalfun the Carver (level 11, -2/86 HPs)
             Began as a Human Archaeologist on Mar 15, 2024.
             Was a Priest of Lugonu.
             Slain by a wolf (5 damage)
             ... on level 1 of the Lair of Beasts.
             The game lasted 00:34:44 (11946 turns).

Finalfun the Carver (Human Archaeologist)          Turns: 11946, Time: 00:34:45

Health: -2/86      AC: 12    Str: 17    XL:     11   Next: 37%
Magic:  5/15       EV:  8    Int: 17    God:    Lugonu [***...]
Gold:   502        SH:  3    Dex: 12    Spells: 10/10 levels left

rFire    + + +     GDR:     24% k - +3 scimitar
rCold    + . .     SeeInvis .   (no shield)
rNeg     + . .     Gourm    .   c - +0 chain mail
rPois    .         Faith    .   d - +1 hat
rElec    .         Spirit   .   (no cloak)
rCorr    .         Reflect  .   s - +0 pair of gloves of the Five People {rF+++ rC+ Str+3 Int+2}
MR       +....                  S - +1 pair of boots
Stlth    ..........             a - amulet of regeneration
HPRegen  0.39/turn              O - ring of protection from magic
MPRegen  0.14/turn              L - ring of positive energy

@: lethally poisoned (-2 -> -7)
A: no striking features
a: Depart the Abyss, Bend Space, Banish, Renounce Religion


You were on level 1 of the Lair of Beasts.
You worshipped Lugonu.
Lugonu was most pleased with you.
You were not hungry.

You visited 3 branches of the dungeon, and saw 10 of its levels.

You collected 577 gold pieces.
You spent 75 gold pieces at shops.

Inventory:

Hand Weapons
 b - a +0 blowgun
 k - a +3 scimitar (weapon)
Missiles
 f - 6 curare-tipped needles
 j - 2438 stones
 m - 1213 arrows
 E - 44 poisoned tomahawks (quivered)
 F - 533 bolts
 N - 520 sling bullets
 Q - 63 poisoned needles
Armour
 c - a +0 chain mail (worn)
 d - a +1 hat (worn)
 s - the +0 pair of gloves of the Five People (worn) {rF+++ rC+ Str+3 Int+2}
   (You found it on level 8 of the Dungeon)

   It affects your strength (+3).
   It affects your intelligence (+2).
   It renders you almost immune to fire.
   It protects you from cold.
 y - a +2 robe of magic resistance
 C - a +0 helmet
 S - a +1 pair of boots (worn)
Jewellery
 a - an amulet of regeneration (around neck)
 o - an uncursed ring of magical power
 p - an uncursed ring of wizardry
 r - an uncursed ring of magical power
 L - a ring of positive energy (right hand)
 O - a ring of protection from magic (left hand)
Wands
 h - a wand of clouds (11)
 i - a wand of paralysis (8)
Scrolls
 g - 3 scrolls of revelation
 l - 2 scrolls of fog
 n - 2 scrolls of amnesia
 q - a scroll of enchant weapon
 x - a scroll of fear {unknown}
 D - a scroll of enchant armour {unknown}
 G - a scroll of blinking
 H - 2 scrolls of remove curse
 J - a scroll of torment {unknown}
 M - 2 scrolls of immolation {unknown}
 R - 3 scrolls of teleportation {unknown}
Potions
 t - a potion of lignification {unknown}
 u - 2 potions of mutation
 v - a potion of brilliance {unknown}
 w - a potion of berserk rage {unknown}
 z - 3 potions of curing
 A - a potion of might {unknown}
 B - a potion of ambrosia
 I - a potion of cancellation
 K - 4 potions of flight
Comestibles
 e - 5 rations {!d}


   Skills:
 - Level 8.0 Fighting
 + Level 12.9 Long Blades
   Level 4.0 Maces & Flails
 - Level 4.0 Throwing
 - Level 4.0 Dodging
 - Level 4.0 Stealth
 - Level 6.0 Invocations
 - Level 4.0 Evocations


You had 10 spell levels left.
You didn't know any spells.
Your spell library contained the following spells:

 Spells                   Type           Power        Failure   Level  Hunger
 Apportation              Tloc           #.....       69%         1    None
 Corona                   Hex            #......      99%         1    None
 Infusion                 Chrm           #.......     99%         1    None
 Necrotize                Necr           #.....       99%         1    None
 Sandblast                Erth           #.....       99%         1    None
 Slow                     Hex            #.......     99%         1    None
 Summon Butterflies       Summ           #.......     99%         1    None
 Vampiric Draining        Necr           #.........   100%        3    #####..
 Agony                    Necr           #.......     100%        4    ######.
 Animate Dead             Necr           N/A          100%        4    ######.
 Dispel Undead            Necr           #.......     100%        5    #######


Dungeon Overview and Level Annotations

Branches:
Dungeon (8/12)             Temple (1/1) D:5            Lair (1/6) D:8
    Orc: D:8-11

Altars:
Ashenzari
Cheibriados
Dithmenos
Elyvilon
Fedhas
Gozag
Hepliaklqana
Kikubaaqudgha
Lugonu
Makhleb
Nemelex Xobeh
Okawaru
Qazlal
Ru
Sif Muna
Trog
Uskayaw
Vehumet
Wu Jian
Xom
Yredelemnul
Zin
The Shining One


Message History

Okay, then.
Space bends around you!
You blink.
You feel sick. Space bends around you!
You blink.
You feel sick.
The black mamba bites you but does no damage. x2
You feel sick. The black mamba closely misses you.
You feel sick. Space bends around you!
You blink.
You feel sick. The black mamba barely misses you. Space bends around you!
You blink.
You feel sick. The wolf bites you but does no damage. The wolf bites you!
The black mamba bites you!
* * * LOW HITPOINT WARNING * * *
Space bends around you!
You blink.
You feel sick.
The black mamba bites you but does no damage.
The wolf bites you.
* * * LOW HITPOINT WARNING * * *
The black mamba bites you!
* * * LOW HITPOINT WARNING * * *
The wolf bites you.
You die...

#..#........ .
P.........# ..
#..#......#...
#..#..........
#..+..%.......
#..#......#....
#..##..+##.....
#..............
#@S§...........
#.h............
#................
#.§..............
#..............##
#...###.........#
#...###.#......#
#....#..##.....##
#...##...#......#


You could see a black mamba and a wolf.

Vanquished Creatures
  3 death yaks
  A cyclops (D:8)
  Pikel (D:8)
  A troll (D:7)
  A hippogriff (D:7)
  4 yaks
  A hungry ghost (D:8)
  3 orc warriors
  2 ice beasts
  4 sky beasts
  2 slaves (D:8)
  A wolf (Lair:1)
  2 black bears (D:6)
  4 ogres
  3 bullfrogs
  3 kobold brigands
  2 centaurs
  2 scorpions (D:4)
  5 killer bees
  5 wights (D:6)
  A howler monkey (D:7)
  An orc priest (D:7)
  5 crimson imps
  2 hounds
  2 bullfrog zombies (D:6)
  A jelly (D:7)
  5 orc wizards
  A gnoll shaman (D:4)
  A bullfrog skeleton (D:8)
  Jessica (D:3)
  3 iguanas
  3 worker ants
  A killer bee zombie (D:6)
  A mummy (D:7)
  8 adders
  4 gnolls
  A river rat (D:7)
  2 shadow imps (D:6)
  2 oozes
  An adder skeleton (D:4)
  2 worms
  5 dart slugs
  4 leopard geckos
  23 orcs
  8 giant cockroaches
  5 goblins
  14 hobgoblins
  7 jackals
  20 kobolds
  5 quokkas
  A ball python skeleton (D:4)
  3 bats (D:1)
  12 frilled lizards
  A goblin zombie (D:7)
  A hobgoblin zombie (D:7)
  10 rats
217 creatures vanquished.

Vanquished Creatures (others)
  A troll (D:7)
  A slave (D:8)
  A fungus (Lair:1)
3 creatures vanquished.

Grand Total: 220 creatures vanquished

Notes
Turn   | Place    | Note
-------+----------+-------------------------------------------
     0 | D:1      | Finalfun the Human Archaeologist began the quest for the
                  | Orb.
     0 | D:1      | Reached XP level 1. HP: 15/15 MP: 1/1
    99 | D:1      | Reached XP level 2. HP: 21/21 MP: 2/2
   339 | D:1      | Reached XP level 3. HP: 27/27 MP: 3/3
  1064 | D:2      | Reached XP level 4. HP: 34/34 MP: 4/4
  2443 | D:3      | Found a faded altar of an unknown god.
  2481 | D:3      | Reached XP level 5. HP: 24/41 MP: 5/5
  2481 | D:3      | Identified a scroll of acquirement
  2496 | D:3      | Identified the -4 cloak of Defiance {-Cast MR+++ Str+6}
                  | (You acquired it on level 3 of the Dungeon)
  2549 | D:3      | Found a sparkling altar of Nemelex Xobeh.
  2678 | D:3      | Reached skill level 1 in Evocations
  3256 | D:3      | Noticed Jessica
  3258 | D:3      | Killed Jessica
  3259 | D:3      | Reached XP level 6. HP: 48/48 MP: 6/8
  3393 | D:4      | Noticed a sky beast
  3415 | D:3      | Killed a sky beast
  3494 | D:4      | Noticed a sky beast
  3501 | D:4      | Killed a sky beast
  3502 | D:4      | Reached XP level 7. HP: 54/54 MP: 10/10
  3526 | D:4      | Reached skill level 1 in Throwing
  3921 | D:4      | Found a blossoming altar of Fedhas.
  4571 | D:5      | Entered Level 5 of the Dungeon
  4578 | D:5      | Reached XP level 8. HP: 61/61 MP: 11/11
  4637 | D:5      | Reached skill level 5 in Fighting
  4962 | D:5      | Found a staircase to the Ecumenical Temple.
  5378 | D:5      | Found a bloodstained altar of Trog.
  5479 | Temple   | Entered the Ecumenical Temple
  5640 | Temple   | Became a worshipper of Lugonu the Unformed
  6348 | D:6      | Reached XP level 9. HP: 74/74 MP: 12/12
  6441 | D:6      | Reached skill level 1 in Invocations
  6475 | D:6      | Found Zin's Purification Station.
  6486 | D:6      | Found a glowing silver altar of Zin.
  6561 | D:6      | Bought a potion of curing for 75 gold pieces
  6724 | D:6      | Reached skill level 5 in Invocations
  7251 | D:6      | Reached skill level 1 in Long Blades
  7443 | D:6      | Reached skill level 2 in Long Blades
  7766 | D:6      | Reached skill level 3 in Long Blades
  8280 | D:6      | Reached skill level 4 in Long Blades
  8432 | D:6      | Reached ** piety under Lugonu
  8498 | D:7      | Reached skill level 5 in Long Blades
  8521 | D:7      | Noticed a troll
  8549 | D:7      | Banished a troll
  8813 | D:7      | Reached skill level 6 in Long Blades
  8813 | D:7      | Reached XP level 10. HP: 80/80 MP: 14/14
  8898 | D:6      | Reached skill level 7 in Long Blades
  9557 | D:7      | Reached skill level 8 in Long Blades
 10152 | D:8      | Found a staircase to the Lair.
 10152 | D:8      | Noticed a death yak
 10152 | D:8      | Noticed a death yak
 10152 | D:8      | Noticed a death yak
 10274 | D:8      | Reached skill level 9 in Long Blades
 10315 | D:8      | Noticed Pikel
 10343 | D:8      | Killed Pikel
 10363 | D:8      | Reached skill level 10 in Long Blades
 10399 | D:8      | Found a shimmering altar of Xom.
 10401 | D:8      | Found a shimmering blue altar of Sif Muna.
 10401 | D:8      | Found a shimmering altar of Xom.
 10404 | D:8      | Found a snail-covered altar of Cheibriados.
 10404 | D:8      | Found a hazy altar of Hepliaklqana.
 10404 | D:8      | Found a radiant altar of Vehumet.
 10824 | D:8      | Killed a death yak
 10825 | D:8      | Reached skill level 11 in Long Blades
 10935 | D:8      | Reached XP level 11. HP: 83/86 MP: 15/15
 10936 | D:8      | Got a pair of spiked gloves
 10942 | D:8      | Identified the +0 pair of gloves of the Five People {rF+++
                  | rC+ Str+3 Int+2} (You found it on level 8 of the Dungeon)
 11070 | D:8      | Reached *** piety under Lugonu
 11079 | D:8      | Found a shadowy altar of Dithmenos.
 11085 | D:8      | Noticed a cyclops
 11207 | D:8      | Killed a cyclops
 11255 | D:8      | Found a shimmering altar of Xom.
 11256 | D:8      | Found a hazy altar of Hepliaklqana.
 11256 | D:8      | Noticed a Killer Klown
 11258 | D:8      | Noticed a Killer Klown
 11373 | D:8      | Found a hide-covered altar of Uskayaw.
 11445 | D:8      | Found an ancient bone altar of Kikubaaqudgha.
 11447 | D:8      | Found an iron altar of Okawaru.
 11449 | D:8      | Found a shimmering blue altar of Sif Muna.
 11450 | D:8      | Found an ornate altar of the Wu Jian Council.
 11734 | D:7      | Killed a death yak
 11735 | D:7      | Reached skill level 12 in Long Blades
 11827 | D:7      | Killed a death yak
 11885 | Lair:1   | Entered Level 1 of the Lair of Beasts
 11946 | Lair:1   | HP: 3/86 [black mamba (13)]
 11946 | Lair:1   | Slain by a wolf

Skill      XL: |  1  2  3  4  5  6  7  8  9 10 11 |
---------------+----------------------------------+-----
Stealth        | 4 |  4.0
Fighting       | 2 3 4 7 8 |  8.0
Dodging        | 4 |  4.0
Evocations     | 3 4 |  4.0
Maces & Flails | 3 4 |  4.0
Throwing       | 4 |  4.0
Invocations    | 6 |  6.0
Long Blades    | 6 11 12 | 12.9

Action                   |  1- 3 |  4- 6 |  7- 9 | 10-12 || total
-------------------------+-------+-------+-------+-------++-------
Melee: Whip              |   118 |   286 |   466 |       ||   870
       Scimitar          |       |       |    37 |   186 ||   223
 Fire: Blowgun           |       |       |       |    19 ||    19
Throw: Stone             |     4 |     2 |       |    19 ||    25
       Tomahawk          |       |    17 |   177 |    64 ||   258
Invok: Bend Space        |       |       |    17 |    23 ||    40
       Banish            |       |       |     1 |       ||     1
Evoke: Wand              |       |       |     3 |     2 ||     5
  Use: Scroll            |     2 |     6 |     6 |     5 ||    19
       Potion            |       |     1 |     4 |     4 ||     9
 Stab: Sleeping          |     7 |     6 |     1 |       ||    14
       Distracted        |       |     1 |       |       ||     1
  Eat: Chunk             |     4 |    17 |    16 |    10 ||    47
       Ration            |       |       |     5 |     3 ||     8
Armor: Robe              |    33 |    90 |    14 |       ||   137
       Chain mail        |       |       |   323 |    87 ||   410
Dodge: Dodged            |    76 |   218 |   212 |    74 ||   580
Block: Other             |       |       |     1 |    15 ||    16
